Map: [ESL] Oceanborn

Players

Bunny

  • Race: Terran Terran
  • Spawn Location: 5:00

SHIN - Winner!

  • Race: Zerg Zerg
  • Spawn Location: 11:00

Event: IEM Katowice 2024

VOD

Have the link to the VOD?

Description

Time

  • Played on: Dec. 6, 2023, 6:57 a.m.
  • Length: 23:39

All games in this series

Show
View Real Time Build Order
Export as new Build Order

Bunny Terran 

Build Orders: Reaper Expand 

Get SALT Encoding   

  12  0:00  SCV  
  13  0:12  SCV  
  14  0:17  Supply Depot  
  14  0:24  SCV  
  15  0:38  SCV  
  15  0:39  Barracks  
  15  0:42  Refinery  
  16  0:50  SCV  
  17  1:03  SCV  
  18  1:15  SCV  
  19  1:26  Reaper  
  19  1:27  Orbital Command  
  20  1:38  Command Center  
  20  1:47  Supply Depot  
  20  1:53  SCV  
  21  1:57  Marine  
  22  2:05  SCV  
  22  2:07  Factory  
  23  2:17  SCV  
  23  2:20  Barracks Reactor  
  24  2:28  Engineering Bay  
  24  2:29  SCV  
  25  2:41  SCV  
  26  2:52  Command Center  
  26  2:54  SCV  
  26  2:57  Orbital Command  
  27  3:06  Starport  
  27  3:07  SCV  
  27  3:11  Refinery  
  29  3:20  SCV  
  29  3:22  Barracks Tech Lab, SCV  
  29  3:23  Hellion  
  29  3:24  Hellion  
  34  3:32  SCV  
  35  3:34  SCV  
  36  3:44  Hellion  
  36  3:45  SCV  
  36  3:46  Hellion, SCV  
  42  3:48  Viking  
  42  3:51  Barracks Tech Lab  
  44  3:57  SCV  
  44  3:58  SCV  
  44  4:00  Supply Depot  
  46  4:05  Orbital Command  
  46  4:11  SCV x2  
  46  4:13  Marine  
  48  4:19  Stimpack  
  49  4:24  SCV x2  
  49  4:26  Barracks  
  49  4:28  Barracks  
  50  4:31  Marine, Engineering Bay  
  50  4:32  SCV  
  50  4:33  Supply Depot  
  50  4:38  Starport Reactor, Factory Reactor  
  52  4:41  SCV x2  
  52  4:43  Engineering Bay  
  52  4:44  SCV  
  55  4:49  Refinery  
  55  4:52  Refinery  
  55  4:53  SCV  
  55  4:57  Barracks, Orbital Command  
  56  5:00  Barracks  
  56  5:02  SCV  
  56  5:03  Terran Infantry Weapons Level 1  
  56  5:05  SCV  
  58  5:10  Supply Depot  
  58  5:13  Marine x2  
  60  5:14  SCV  
  60  5:17  Terran Infantry Armor Level 1, SCV  
  62  5:22  Marine  
  62  5:23  SCV  
  62  5:26  SCV  
  65  5:29  Siege Tank, SCV  
  65  5:31  Marine x4  
  65  5:35  SCV, Supply Depot  
  74  5:38  SCV  
  74  5:40  Marine  
  74  5:42  SCV  
  77  5:43  Medivac  
  77  5:44  Medivac  
  77  5:46  Barracks Reactor  
  77  5:49  Marine x3  
  84  5:50  Supply Depot  
  84  5:51  SCV  
  84  5:52  Barracks Reactor  
  84  5:56  SCV x2  
  87  6:01  Siege Tank  
  87  6:02  Supply Depot  
  87  6:03  Marine x2  
  87  6:04  Supply Depot  
  92  6:06  Marine  
  92  6:09  Combat Shield  
  93  6:11  SCV x3  
  93  6:16  Marine  
  97  6:19  Marine, Refinery  
  97  6:20  Armory  
  97  6:21  Marine x2  
  97  6:23  Marine  
  97  6:24  Marine  
  102  6:27  Marine  
  102  6:28  SCV x3  
  102  6:32  Medivac  
  108  6:33  Medivac  
  108  6:34  Marine  
  108  6:36  Marine  
  112  6:40  Supply Depot  
  112  6:41  Supply Depot  
  112  6:43  Marine x5  
  117  6:51  Supply Depot  
  117  6:53  SCV, Marine  
  117  7:01  Siege Tank, Hellion x4, SCV x2, Marine x3  
  117  7:02  Marine x3  
  117  7:04  Command Center  
  128  7:13  Medivac x2  
  128  7:14  Marine x3  
  134  7:18  Factory  
  134  7:19  Marine x2  
  136  7:29  Marine  
  123  7:30  Marine x3  
  123  7:32  Terran Infantry Armor Level 2, Marine x2  
  123  7:34  Barracks  
  123  7:35  Barracks x2  
  125  7:37  Widow Mine  
  125  7:42  Marine x2  
  125  7:43  Medivac, Marine  
  132  7:45  Drilling Claws  
  132  7:47  Terran Infantry Weapons Level 2, Marine  
  132  7:48  Marine  
  132  7:50  Refinery  
  134  8:01  Marauder  
  134  8:02  Marine  
  134  8:03  Marine x4  
  134  8:04  Marine  
  141  8:07  Factory Tech Lab  
  141  8:08  Supply Depot  
  141  8:10  Marine  
  141  8:11  Siege Tank  
  145  8:15  Supply Depot  
  145  8:16  Supply Depot  
  145  8:21  Barracks Tech Lab  
  145  8:22  Marauder  
  145  8:25  Barracks Tech Lab x2  
  145  8:26  Siege Tank  
  148  8:29  SCV x3  
  148  8:30  Medivac  
  153  8:35  Medivac  
  153  8:41  Marauder  
  157  8:44  Marauder  
  157  8:45  Siege Tank  
  162  8:53  Marauder x2  
  165  8:58  Marine x4  
  165  9:02  Marauder  
  162  9:04  Marine x3  
  162  9:05  Marauder  
  162  9:06  Planetary Fortress, Supply Depot  
  167  9:13  Concussive Shells  
  167  9:14  Marauder  
  167  9:15  Marauder  
  171  9:21  Siege Tank  
  171  9:23  Marauder  
  175  9:26  Marauder  
  175  9:29  Marine x8  
  175  9:30  Medivac  
  180  9:33  SCV x2  
  180  9:34  SCV  
  180  9:36  Marauder x2  
  187  9:39  Siege Tank  
  187  9:45  Marauder  
  192  9:47  Marine  
  192  9:48  Missile Turret, Marauder  
  193  9:53  Marine x3  
  196  10:02  Marine x2  
  196  10:03  Marauder  
  200  10:12  Marine  
  199  10:20  Command Center  
  199  10:28  Marine  
  199  10:32  Sensor Tower  
  199  10:34  Command Center  
  199  10:35  Siege Tank  
  200  10:45  Terran Vehicle Weapons Level 1, Terran Infantry Armor Level 3, Terran Infantry Weapons Level 3  
  200  10:56  Marine  
  200  11:01  Ghost Academy  
  200  11:02  Barracks x2  
  200  11:03  Marauder  
  197  11:04  Siege Tank  
  197  11:08  Refinery  
  197  11:09  Factory, Refinery  
  199  11:20  Marine x8  
  199  11:21  Siege Tank  
  199  11:23  Marauder, Marine  
  162  11:26  Medivac  
  156  11:36  Marauder  
  156  11:37  Siege Tank, Marauder  
  156  11:38  Marine  
  164  11:45  Marauder  
  163  11:47  Marine  
  163  11:48  Marine x7  
  163  11:53  Siege Tank  
  159  11:56  Medivac  
  159  11:59  Marauder x2  
  123  12:01  Medivac  
  123  12:03  Marine  
  123  12:05  Marine  
  123  12:06  Marauder, Marine x2  
  128  12:09  Siege Tank  
  128  12:11  Orbital Command  
  128  12:13  SCV x4  
  135  12:17  Sensor Tower  
  135  12:19  Marauder  
  135  12:20  Marauder  
  135  12:22  Marine x2  
  139  12:23  Marine  
  139  12:25  Siege Tank, SCV  
  139  12:26  Medivac  
  148  12:31  Factory Tech Lab  
  148  12:32  Ghost  
  150  12:38  Planetary Fortress  
  150  12:41  Terran Vehicle Weapons Level 2  
  150  12:43  Marauder  
  152  12:48  Marine, Marauder x2  
  157  12:54  Missile Turret  
  157  13:01  Missile Turret  
  157  13:04  Siege Tank  
  163  13:05  Siege Tank  
  163  13:08  Siege Tank, Sensor Tower  
  166  13:15  Liberator  
  169  13:24  Refinery x2  
  169  13:25  Command Center, Ghost  
  171  13:36  Ghost x2  
  175  13:43  Siege Tank  
  168  13:49  Siege Tank  
  167  13:55  Siege Tank  
  167  13:57  Marauder  
  172  14:04  SCV  
  172  14:05  Marine x2  
  172  14:06  SCV x4  
  175  14:16  SCV  
  159  14:17  Marine, Marauder  
  159  14:18  Marine, Marauder x2  
  147  14:26  Medivac x2  
  147  14:27  Marine  
  147  14:28  Marine x5, Marauder  
  149  14:36  Siege Tank x3  
  155  14:41  Marine x2  
  155  14:45  Marine x5, Marauder x3  
  163  14:46  Marine  
  163  14:47  Personal Cloaking  
  163  14:49  Marauder  
  171  14:56  Liberator x2  
  171  14:59  Marine  
  178  15:06  Marauder x2  
  178  15:07  Marauder  
  183  15:09  Marine x5  
  183  15:10  Marauder  
  178  15:20  Siege Tank x2  
  174  15:23  Siege Tank  
  174  15:28  Ghost  
  175  15:39  Medivac x2  
  176  15:48  Missile Turret  
  175  15:52  Siege Tank x2  
  180  16:02  Siege Tank  
  155  16:04  Marine  
  155  16:05  Marine, Marauder x3  
  155  16:06  Marine x7  
  153  16:16  Medivac  
  155  16:22  Marine  
  155  16:23  Missile Turret, Marine  
  155  16:24  Siege Tank, Marine x4  
  164  16:29  Siege Tank  
  164  16:30  Marine x4  
  171  16:36  Sensor Tower  
  159  16:47  Marine x8  
  154  16:55  Planetary Fortress  
  154  17:00  Missile Turret  
  151  17:04  Sensor Tower  
  151  17:05  Siege Tank  
  154  17:12  Marauder x3  
  160  17:15  Liberator  
  160  17:19  Liberator  
  166  17:29  Missile Turret  
  166  17:32  Command Center  
  166  17:38  Refinery  
  166  17:39  Refinery  
  167  17:55  Ghost x3  
  164  18:09  Siege Tank x2  
  164  18:11  Marauder  
  151  18:13  Marine x5  
  151  18:14  Marine x3  
  157  18:25  Marauder  
  157  18:27  Marauder x2  
  163  18:32  Marauder  
  165  18:40  Siege Tank  
  168  18:41  Sensor Tower  
  168  18:47  Marauder  
  168  18:48  Marauder x2  
  174  18:53  Marine x8  
  174  18:55  Siege Tank x2  
  188  19:15  Siege Tank  
  191  19:17  Missile Turret  
  191  19:26  Ghost  
  191  19:27  Ghost  
  191  19:30  Missile Turret  
  190  19:37  Siege Tank  
  191  19:41  Liberator  
  187  19:52  Orbital Command  
  184  20:11  Marine x4  
  184  20:12  SCV x4  
  195  20:21  Ghost  
  185  20:24  Viking, SCV x2  
  185  20:28  Viking, Ghost  
  184  20:37  Ghost  
  184  20:41  Refinery x2  
  180  20:54  Viking  
  180  20:57  Ghost  
  163  20:58  Viking  
  163  21:01  Marine  
  163  21:03  Marine x6  
  147  21:09  Ghost  
  147  21:17  Ghost  
  148  21:26  SCV  
  148  21:31  Viking x2  
  150  21:38  SCV  
  151  21:40  Marine x6  
  157  21:47  Ghost  
  157  21:50  SCV  
  157  22:00  Missile Turret, Refinery  
  157  22:01  Refinery  
  157  22:09  Viking x2  
  157  22:10  Marine x4  
  120  22:39  Viking x2  
  120  22:43  Planetary Fortress  
  117  22:44  Marine x4  
  117  22:49  Marine x7  
  118  22:58  Marine  
  116  23:02  Marine x4  
  120  23:07  Ghost x2, Marine x2  
  120  23:26  Refinery  
Show
View Real Time Build Order
Export as new Build Order

SHIN Zerg - Winner!

Build Orders: Hatch First, Lurkers 

Get SALT Encoding   

  12  0:00  Drone  
  13  0:08  Drone  
  14  0:14  Extractor  
  14  0:15  Drone  
  15  0:36  Hatchery  
  15  0:40  Extractor  
  15  0:41  Drone  
  15  0:48  Overlord  
  15  1:02  Spawning Pool  
  14  1:07  Drone  
  14  1:09  Drone  
  16  1:12  Drone  
  18  1:18  Drone  
  18  1:30  Drone  
  19  1:33  Extractor  
  18  1:41  Drone  
  19  1:48  Queen x2  
  19  1:49  Drone  
  19  1:51  Drone  
  25  2:00  Overlord  
  25  2:01  Drone  
  26  2:10  Drone  
  26  2:12  Drone  
  28  2:23  Drone x2  
  28  2:24  Queen  
  32  2:32  Overlord  
  32  2:34  Drone  
  33  2:37  Metabolic Boost  
  33  2:42  Drone  
  34  2:44  Drone  
  35  2:53  Drone  
  35  2:55  Drone  
  35  2:57  Hatchery  
  35  2:58  Drone  
  37  2:59  Drone  
  37  3:01  Drone  
  37  3:03  Drone  
  37  3:05  Drone  
  41  3:07  Drone  
  41  3:10  Overlord  
  42  3:16  Queen  
  44  3:20  Overlord  
  44  3:22  Overlord  
  44  3:28  Queen  
  44  3:30  Zergling x2  
  44  3:33  Zergling x6  
  50  3:36  Zergling x2  
  50  3:39  Overlord  
  50  3:40  Drone  
  52  3:44  Drone x2  
  52  3:45  Drone  
  55  3:51  Queen  
  55  3:54  Drone  
  55  3:55  Drone  
  59  4:02  Drone  
  60  4:04  Drone  
  60  4:08  Overlord  
  60  4:09  Drone x3  
  64  4:15  Drone x2  
  64  4:16  Queen  
  66  4:19  Drone  
  69  4:26  Zergling x4  
  69  4:27  Drone x2, Overlord  
  69  4:30  Queen  
  75  4:32  Drone, Baneling Nest  
  75  4:34  Queen  
  75  4:36  Drone  
  75  4:37  Drone x2  
  80  4:39  Drone x2  
  80  4:42  Overlord  
  82  4:48  Drone  
  82  4:52  Queen  
  83  4:53  Drone x2  
  83  4:54  Spore Crawler  
  85  5:00  Extractor  
  85  5:02  Zergling x4  
  85  5:04  Spore Crawler  
  85  5:05  Spore Crawler  
  85  5:07  Drone x7, Lair  
  84  5:09  Extractor  
  84  5:13  Queen  
  92  5:16  Extractor  
  92  5:17  Zergling x2  
  92  5:18  Overlord  
  92  5:22  Zergling x4, Evolution Chamber x2  
  92  5:29  Drone x2  
  92  5:31  Drone x2  
  92  5:32  Drone  
  92  5:33  Drone  
  97  5:36  Hatchery  
  97  5:38  Drone x3  
  97  5:42  Zergling x6  
  102  5:48  Zerg Melee Weapons Level 1, Zerg Ground Armor Level 1  
  102  5:49  Zergling x4  
  105  5:50  Zergling x2  
  105  5:54  Overlord  
  105  5:57  Baneling x4  
  105  5:58  Overlord  
  105  6:00  Overlord  
  105  6:02  Zergling x2  
  106  6:05  Overlord, Centrifugal Hooks  
  106  6:06  Overlord  
  105  6:11  Overlord  
  105  6:15  Extractor  
  105  6:16  Hydralisk Den  
  105  6:17  Zergling x12  
  109  6:23  Drone x4  
  113  6:26  Zergling x2  
  113  6:28  Baneling x5  
  113  6:29  Baneling  
  114  6:34  Zergling x2  
  114  6:35  Drone  
  114  6:38  Drone  
  116  6:45  Grooved Spines  
  116  6:46  Hydralisk x3  
  121  6:49  Overlord  
  121  6:50  Drone x2  
  123  6:56  Hydralisk x2, Hatchery  
  123  6:57  Zergling x2  
  127  7:03  Hydralisk x2  
  129  7:10  Drone  
  129  7:11  Drone x2  
  129  7:12  Drone x2  
  129  7:13  Drone x2  
  129  7:14  Zergling x10, Extractor  
  139  7:16  Drone  
  140  7:24  Hydralisk  
  140  7:25  Hydralisk  
  140  7:28  Drone x3  
  144  7:30  Hatchery  
  144  7:31  Drone x2  
  144  7:35  Muscular Augments  
  144  7:37  Infestation Pit  
  143  7:38  Drone x4  
  143  7:39  Extractor  
  143  7:40  Zergling x2  
  143  7:42  Spore Crawler  
  146  7:44  Overlord  
  146  7:46  Overlord x2  
  146  7:47  Hydralisk  
  146  7:50  Zergling x10  
  153  7:52  Zerg Melee Weapons Level 2  
  153  7:54  Overlord  
  153  7:56  Zergling x6  
  155  7:59  Baneling x6  
  155  8:00  Zergling x4  
  157  8:07  Zergling x8  
  157  8:11  Zerg Ground Armor Level 2  
  158  8:13  Zergling x12  
  158  8:17  Zergling x2  
  165  8:20  Drone x3  
  165  8:22  Hive  
  165  8:26  Zergling x12  
  174  8:28  Baneling x5  
  174  8:32  Zergling x4  
  174  8:34  Overlord x2  
  176  8:36  Zergling x6  
  176  8:40  Hydralisk  
  181  8:47  Zergling x8  
  172  8:56  Hydralisk x8  
  172  8:57  Zergling x4  
  172  9:00  Baneling  
  172  9:01  Baneling  
  180  9:04  Drone x2  
  180  9:05  Zergling x6  
  180  9:06  Zergling x4, Overseer, Spore Crawler  
  180  9:07  Spore Crawler  
  185  9:11  Pneumatized Carapace  
  185  9:14  Zergling x10  
  185  9:16  Baneling  
  185  9:17  Baneling x3  
  190  9:19  Overseer  
  190  9:24  Zergling x8  
  191  9:30  Zergling x2  
  191  9:31  Zergling x6  
  188  9:36  Zergling x22  
  199  9:39  Baneling x13  
  199  9:49  Hatchery  
  194  9:54  Viper  
  194  9:59  Zergling x6  
  200  10:04  Baneling x7  
  200  10:05  Baneling  
  199  10:10  Baneling x3  
  199  10:11  Baneling  
  199  10:13  Baneling  
  199  10:18  Zergling x6  
  195  10:24  Zergling x12  
  195  10:27  Baneling  
  195  10:28  Baneling x8  
  199  10:30  Zergling x4  
  196  10:37  Zergling x8  
  199  10:44  Zerg Ground Armor Level 3  
  199  10:48  Zergling x6  
  200  10:52  Zerg Missile Weapons Level 1  
  200  10:55  Zergling x6  
  199  10:59  Baneling x5  
  199  11:00  Zergling x4  
  195  11:04  Zergling x12  
  195  11:11  Zergling x8  
  200  11:17  Hydralisk  
  200  11:18  Zergling x22  
  199  11:22  Hydralisk  
  199  11:23  Zergling x26  
  175  11:28  Zergling x2, Hydralisk  
  175  11:29  Zergling x10  
  175  11:31  Zergling x10  
  175  11:32  Baneling x7  
  178  11:33  Zergling x4, Baneling x2  
  178  11:34  Baneling x4  
  178  11:37  Zergling x6  
  183  11:43  Extractor  
  183  11:44  Zergling x6  
  183  11:45  Baneling x8  
  174  11:50  Hydralisk  
  174  11:51  Zergling x4, Hydralisk  
  174  11:53  Hydralisk  
  164  11:55  Hydralisk  
  164  11:56  Zergling x2  
  164  12:01  Zergling x12  
  157  12:11  Zergling x12  
  162  12:15  Overseer  
  162  12:17  Viper  
  162  12:18  Overseer  
  162  12:19  Zergling x8  
  168  12:23  Drone, Spore Crawler  
  168  12:24  Spore Crawler  
  168  12:26  Baneling x8  
  168  12:28  Zergling x4  
  169  12:31  Queen  
  169  12:32  Zergling x6  
  169  12:33  Hatchery  
  169  12:36  Baneling x2  
  169  12:37  Baneling x6  
  173  12:38  Zergling x12  
  173  12:43  Zergling x12  
  182  12:44  Baneling x5  
  182  12:46  Hatchery  
  182  12:50  Zergling x12  
  186  12:55  Baneling x3  
  186  12:56  Zergling x8, Baneling x4  
  190  13:00  Drone x4  
  190  13:01  Drone  
  190  13:03  Drone  
  190  13:04  Drone x3  
  198  13:05  Drone  
  198  13:06  Drone  
  198  13:07  Drone, Lurker Den  
  198  13:08  Spine Crawler  
  198  13:10  Drone, Baneling x6  
  200  13:16  Baneling x4  
  200  13:24  Zergling x2  
  199  13:27  Burrow  
  199  13:32  Drone  
  199  13:40  Extractor  
  197  13:41  Zerg Missile Weapons Level 2  
  197  13:42  Zerg Melee Weapons Level 3  
  197  13:44  Zergling x6  
  200  13:51  Zergling x2  
  197  14:02  Zergling x6  
  192  14:13  Zergling x32  
  189  14:18  Zergling x24  
  189  14:23  Hydralisk  
  187  14:24  Zergling x14  
  187  14:28  Zergling x2  
  182  14:31  Seismic Spines  
  182  14:33  Zergling x2  
  182  14:34  Zergling x10  
  183  14:40  Zergling x10  
  183  14:43  Drone  
  183  14:44  Baneling x8  
  186  14:47  Lurker x7  
  186  14:49  Overseer  
  186  14:51  Overseer  
  193  14:56  Zergling x14  
  200  15:01  Spore Crawler x2  
  200  15:03  Infestor  
  197  15:08  Zergling x14  
  197  15:11  Hydralisk x3  
  197  15:12  Zergling x14  
  196  15:18  Zergling x4  
  196  15:19  Zergling x6  
  196  15:20  Overseer  
  199  15:24  Zergling x2  
  199  15:28  Baneling x16, Adaptive Talons  
  194  15:33  Zergling x18  
  200  15:37  Baneling x6  
  200  15:41  Overlord x2  
  194  15:45  Zergling x2  
  194  15:46  Zergling x6  
  188  15:54  Hydralisk  
  188  15:55  Zergling x12  
  189  16:01  Hydralisk  
  189  16:02  Zergling x26  
  182  16:05  Infestor  
  182  16:06  Zergling x8  
  170  16:12  Hydralisk x2  
  170  16:13  Zergling x6  
  170  16:14  Zerg Missile Weapons Level 3  
  170  16:16  Infestor x2  
  170  16:17  Zergling x4  
  170  16:18  Zergling x4  
  185  16:20  Baneling x5  
  185  16:21  Baneling, Spine Crawler x2  
  185  16:24  Extractor  
  182  16:26  Extractor  
  182  16:27  Zergling x24, Extractor  
  182  16:29  Baneling x6  
  191  16:33  Zergling x4  
  191  16:36  Zergling x12  
  175  16:47  Zergling x2, Hydralisk  
  175  16:48  Zergling x16  
  175  16:51  Zergling x6, Hydralisk  
  166  16:56  Zergling x8  
  166  16:58  Baneling x2  
  166  17:00  Lurker x3  
  166  17:01  Lurker  
  172  17:02  Zergling x8  
  172  17:06  Drone  
  171  17:09  Zergling x16, Hydralisk  
  171  17:15  Spire  
  174  17:18  Drone x3, Extractor  
  174  17:19  Zergling x10, Extractor, Hatchery  
  174  17:21  Baneling x2  
  174  17:22  Baneling x5  
  179  17:25  Zergling x4  
  179  17:33  Zergling x12  
  179  17:34  Spore Crawler  
  179  17:36  Zergling x10  
  189  17:39  Extractor  
  189  17:41  Drone x2  
  189  17:42  Zergling x4, Drone x3  
  189  17:43  Zergling x2, Baneling  
  196  17:45  Baneling x6  
  196  17:46  Baneling x6  
  196  17:49  Zergling x8  
  199  18:05  Zergling x10, Hydralisk  
  183  18:06  Zergling x22  
  183  18:12  Zergling x10  
  177  18:27  Greater Spire, Corruptor x8  
  193  18:35  Corruptor x2  
  193  18:36  Corruptor  
  198  19:38  Brood Lord x5  
  198  19:42  Brood Lord x3  
  198  19:53  Brood Lord  
  199  20:03  Zerg Flyer Weapons Level 1  
  198  20:08  Brood Lord x2  
  199  20:15  Baneling x6  
  199  20:23  Baneling x4  
  198  20:35  Overseer x2  
  198  20:36  Overseer x2  
  192  20:55  Corruptor x4  
  182  20:57  Infestor x2  
  182  20:58  Infestor x2  
  182  21:01  Infestor  
  182  21:02  Zergling x18  
  182  21:03  Zergling x8  
  192  21:04  Infestor, Overlord  
  192  21:05  Zergling x12  
  194  21:19  Spore Crawler  
  194  21:20  Spore Crawler  
  192  21:26  Baneling x8  
  192  21:27  Baneling x9  
  190  21:35  Zergling x20  
  199  21:59  Hatchery  
  192  22:13  Zergling x2  
  192  22:14  Zergling x12  
  199  22:18  Baneling x6  
  150  22:48  Overlord x2  
  146  22:56  Overseer x4  
  146  22:57  Hydralisk x2  
  146  22:58  Hydralisk x5  
  150  22:59  Hydralisk  
  150  23:03  Hydralisk  
  150  23:04  Zergling x82  
  150  23:05  Zergling x2  

Tags
 
Add a new tag
Caveats
  • Supply blocks, unpowered buildings, or Contaminate may cause inaccurate times.
  • Supply counts are checked every 10 seconds.